Map: Dusk Towers

Players

Gámbetá

  • Race: Terran Terran
  • League: Master

FinnsoN - Winner!

  • Race: Terran Terran
  • League: Master

VOD

Have the link to the VOD?

Description

Time

  • Played on: July 10, 2016, 3:08 p.m.
  • Length: 12:22
Show
View Real Time Build Order
Export as new Build Order

Gámbetá Terran 

Build Orders: Reaper Expand, Bio Tank 

Get SALT Encoding   

  12  0:00  SCV  
  13  0:12  SCV  
  14  0:17  Supply Depot  
  14  0:25  SCV  
  15  0:39  SCV  
  15  0:41  Barracks  
  16  0:44  Refinery  
  16  0:51  SCV  
  17  1:03  SCV  
  18  1:15  SCV  
  19  1:30  Orbital Command  
  19  1:33  Reaper  
  20  1:48  Command Center  
  20  1:56  SCV  
  20  1:58  Supply Depot  
  21  2:07  Barracks Reactor  
  21  2:08  SCV  
  22  2:19  Refinery  
  22  2:20  SCV  
  23  2:31  Factory  
  23  2:33  SCV  
  24  2:43  Marine x2  
  26  2:45  SCV  
  27  3:01  SCV  
  28  3:06  Marine  
  28  3:07  Marine  
  28  3:09  Orbital Command  
  29  3:13  SCV  
  29  3:14  Widow Mine  
  29  3:15  Starport  
  32  3:24  Marine x2  
  32  3:25  SCV  
  35  3:35  SCV  
  35  3:41  Command Center  
  36  3:42  SCV  
  36  3:43  Marine x2  
  36  3:45  Factory Tech Lab  
  39  3:48  SCV  
  39  3:51  Medivac  
  39  3:54  SCV  
  43  4:00  SCV  
  45  4:05  Supply Depot  
  45  4:07  Marine x2  
  45  4:08  SCV, Cyclone  
  51  4:14  Supply Depot  
  51  4:18  SCV  
  51  4:20  SCV  
  53  4:25  Marine  
  53  4:26  Marine  
  53  4:30  SCV  
  56  4:35  Barracks  
  56  4:36  Starport Reactor, Barracks  
  56  4:42  Siege Tank  
  56  4:43  Marine  
  56  4:44  Marine  
  61  4:47  SCV  
  61  4:52  Orbital Command  
  62  4:54  SCV  
  63  5:02  Marine x2  
  63  5:03  Supply Depot  
  63  5:06  Refinery  
  65  5:08  SCV, Refinery  
  65  5:14  SCV  
  67  5:20  Marine  
  67  5:21  Marine  
  69  5:23  SCV  
  69  5:27  SCV  
  70  5:38  Marine  
  70  5:39  Barracks Tech Lab x2  
  70  5:41  SCV, Siege Tank  
  68  5:47  SCV  
  68  5:48  Engineering Bay  
  69  5:50  Engineering Bay  
  69  5:53  Marine, SCV  
  69  5:56  Orbital Command  
  71  5:57  Combat Shields, Stimpack  
  71  5:58  Marine x3  
  71  5:59  SCV  
  75  6:06  SCV  
  75  6:11  SCV, Barracks  
  74  6:12  Marine  
  74  6:13  Barracks  
  74  6:14  Siege Tank  
  74  6:15  Medivac  
  74  6:16  Medivac  
  74  6:18  SCV  
  84  6:24  Marine x3  
  87  6:28  SCV x2  
  87  6:30  Marine  
  87  6:31  SCV  
  91  6:33  Terran Infantry Armor Level 1, Terran Infantry Weapons Level 1  
  91  6:35  Supply Depot  
  91  6:38  Supply Depot  
  91  6:41  SCV  
  91  6:43  Marine x3  
  91  6:46  SCV x2  
  97  6:47  Siege Tank  
  97  6:50  Marine  
  101  6:57  SCV  
  101  6:58  Supply Depot x2, SCV  
  101  7:00  Marine  
  101  7:01  Marine  
  107  7:02  Barracks Reactor x2  
  107  7:03  Marine  
  106  7:08  Marine  
  106  7:15  Supply Depot  
  106  7:16  Supply Depot  
  106  7:18  Supply Depot, Marine x2  
  106  7:20  SCV  
  106  7:21  Factory, Marine  
  110  7:24  Siege Tank  
  110  7:26  Marine  
  110  7:27  SCV x2  
  110  7:28  Medivac  
  117  7:30  Medivac  
  117  7:36  Marine x2  
  121  7:39  Sensor Tower, Marine x5  
  126  7:44  Marine  
  126  7:49  Armory  
  127  7:52  SCV x2  
  127  7:54  Marine x2  
  127  7:56  Siege Tank  
  127  7:57  Marine x2  
  136  8:03  Marine x2  
  136  8:04  SCV, Marine  
  136  8:05  Marine  
  141  8:11  Factory Tech Lab  
  141  8:13  SCV  
  141  8:15  Refinery, Command Center  
  141  8:16  Refinery  
  141  8:19  Marine x3  
  147  8:20  Marauder  
  147  8:21  Marine  
  147  8:22  Marine x2  
  147  8:23  SCV  
  151  8:36  Terran Infantry Weapons Level 2, Terran Infantry Armor Level 2  
  151  8:38  Supply Depot  
  151  8:39  Supply Depot x2  
  151  8:41  SCV  
  151  8:45  Marine x2  
  151  8:46  Marine x3  
  157  8:59  Marine x3, Medivac  
  157  9:00  SCV x2, Siege Tank  
  165  9:18  Marine x2  
  165  9:19  Marine x6  
  165  9:20  Siege Tank  
  176  9:29  Medivac x2  
  180  9:32  Siege Tank  
  180  9:36  Marine x3  
  186  9:40  Barracks x3  
  186  9:41  Marine  
  187  9:52  SCV x2, Siege Tank  
  192  9:59  Medivac x2  
  196  10:04  Planetary Fortress  
  196  10:26  Marine, SCV  
  196  10:38  Marine  
  196  10:40  SCV  
  196  10:42  Marine x4, Siege Tank  
  196  10:43  Marine x2  
  196  10:44  Marauder, Medivac, Siege Tank  
  196  10:47  Marine  
  196  10:48  Marauder  
  175  10:52  Medivac  
  175  10:56  Marine  
  176  10:59  Marine  
  176  11:00  Marine x2, Command Center  
  176  11:02  Barracks Reactor, Command Center  
  176  11:03  Barracks Reactor  
  178  11:04  Barracks Reactor  
  178  11:05  Marine x2, Marauder  
  178  11:06  SCV  
  184  11:13  Marine  
  184  11:14  Marine, Medivac, Siege Tank  
  190  11:20  Marine  
  190  11:21  Marine  
  190  11:22  Medivac  
  190  11:25  Marine  
  194  11:27  Marauder  
  196  11:42  Missile Turret x2  
  196  11:43  Missile Turret  
  196  11:46  Missile Turret x3  
  196  11:47  Missile Turret  
  196  11:48  Missile Turret  
  196  12:00  Marine x7  
  196  12:01  Marine x4, Marauder  
  196  12:03  SCV  
Show
View Real Time Build Order
Export as new Build Order

FinnsoN Terran - Winner!

Build Orders: Reaper Expand 

Get SALT Encoding   

  12  0:00  SCV  
  13  0:12  SCV  
  14  0:17  Supply Depot  
  14  0:25  SCV  
  15  0:39  SCV  
  16  0:43  Barracks  
  16  0:48  Refinery  
  16  0:51  SCV  
  17  1:03  SCV  
  18  1:15  SCV  
  19  1:29  Orbital Command  
  19  1:32  Reaper  
  20  1:52  Command Center  
  20  1:55  SCV  
  20  2:00  Supply Depot  
  21  2:04  Barracks Reactor  
  21  2:07  SCV  
  23  2:22  SCV  
  22  2:33  Factory  
  22  2:34  SCV  
  23  2:40  Marine x2  
  25  2:45  Refinery  
  25  2:47  SCV  
  26  2:58  Marine x2  
  26  3:07  SCV  
  26  3:09  Orbital Command  
  27  3:16  Marine x2  
  27  3:19  SCV  
  30  3:24  Factory Tech Lab, Command Center  
  30  3:31  SCV  
  31  3:34  Starport  
  31  3:38  SCV  
  32  3:42  Marine  
  32  3:43  SCV  
  32  3:45  Marine  
  35  3:51  Supply Depot  
  35  3:52  SCV  
  36  3:58  Siege Tank  
  36  3:59  SCV  
  36  4:01  Marine  
  41  4:07  SCV  
  42  4:11  Marine  
  42  4:14  Starport Reactor  
  42  4:15  SCV  
  44  4:17  Supply Depot  
  44  4:18  Marine  
  44  4:20  SCV  
  46  4:27  SCV, Refinery  
  46  4:30  Supply Depot  
  47  4:32  SCV  
  47  4:36  Orbital Command  
  48  4:39  SCV  
  48  4:42  Siege Tank  
  53  4:48  SCV  
  53  4:50  Viking  
  53  4:51  SCV  
  56  4:55  Viking  
  58  5:00  Supply Depot, SCV  
  58  5:02  SCV  
  58  5:04  Marine  
  58  5:05  Marine  
  62  5:10  SCV  
  62  5:12  SCV  
  62  5:14  SCV, Siege Tank  
  68  5:22  Marine  
  68  5:27  Marine  
  67  5:30  SCV  
  67  5:33  SCV  
  70  5:35  SCV  
  70  5:36  Viking  
  70  5:39  Marine  
  71  5:42  SCV  
  71  5:47  Engineering Bay, Siege Tank  
  71  5:48  Marine  
  71  5:49  Supply Depot  
  76  5:52  SCV  
  76  5:56  Supply Depot  
  73  5:57  Marine, Viking  
  73  5:59  SCV  
  73  6:00  SCV  
  73  6:04  SCV  
  79  6:07  Marine  
  80  6:11  SCV  
  80  6:13  Terran Infantry Weapons Level 1  
  80  6:14  Supply Depot  
  80  6:17  Orbital Command  
  80  6:18  SCV, Marine  
  83  6:21  Siege Tank  
  83  6:24  Viking  
  88  6:27  Viking  
  88  6:28  Marine  
  88  6:31  SCV  
  92  6:37  SCV  
  92  6:38  Barracks  
  92  6:39  Barracks  
  93  6:41  Refinery  
  93  6:43  Supply Depot, SCV  
  93  6:46  Marine  
  93  6:47  Marine  
  95  6:49  SCV  
  95  6:52  SCV  
  98  6:56  SCV  
  100  7:01  SCV  
  100  7:03  Siege Tank  
  100  7:04  SCV, Marine  
  100  7:05  Sensor Tower, Marine  
  106  7:09  SCV  
  106  7:11  Medivac x2  
  106  7:14  SCV  
  112  7:16  SCV  
  112  7:22  Marine x2  
  113  7:27  SCV  
  113  7:29  Barracks Tech Lab x2  
  114  7:30  Supply Depot, SCV  
  114  7:36  SCV  
  116  7:38  Barracks  
  116  7:39  SCV  
  116  7:40  Marine, Barracks  
  116  7:43  SCV, Marine, Engineering Bay  
  120  7:44  Armory  
  120  7:46  Supply Depot  
  120  7:48  Supply Depot  
  120  7:50  Marine  
  120  7:51  Missile Turret  
  121  7:52  Marine  
  121  7:53  Missile Turret  
  121  7:54  Stimpack  
  121  7:55  Combat Shields  
  122  8:04  Medivac x2  
  126  8:06  Marine x2  
  126  8:07  Supply Depot  
  126  8:08  SCV  
  126  8:09  SCV  
  126  8:10  Marine x2  
  132  8:13  Terran Infantry Armor Level 1  
  132  8:23  SCV  
  132  8:25  Factory, SCV, Refinery x2, Marine  
  135  8:29  Barracks Reactor x2, Barracks  
  135  8:30  Barracks  
  135  8:42  Missile Turret  
  135  8:43  SCV, Missile Turret x3, Marine x2  
  138  8:48  Missile Turret  
  138  8:50  Missile Turret  
  138  8:51  SCV x2, Marine  
  138  8:53  Missile Turret  
  141  8:56  Siege Tank  
  141  8:58  Marine  
  141  9:01  Marine x2  
  144  9:06  SCV, Marine x2  
  144  9:09  Marine  
  144  9:15  Marine  
  145  9:17  Marine  
  145  9:19  Factory Tech Lab  
  145  9:20  Barracks Reactor x2  
  146  9:24  Terran Infantry Weapons Level 2  
  146  9:28  Siege Tank  
  146  9:30  Supply Depot  
  149  9:32  Marine x3  
  149  9:33  Supply Depot x2, Medivac x2, Missile Turret  
  149  9:38  SCV  
  157  9:48  Command Center  
  157  9:51  Marine x2  
  159  9:54  Sensor Tower  
  159  9:55  Marine x2  
  159  9:56  Marine x2  
  159  9:59  Terran Vehicle Weapons Level 1  
  163  10:03  Marine x2, Medivac  
  163  10:04  Missile Turret  
  163  10:05  Medivac  
  169  10:07  Marine  
  169  10:11  Marine x2  
  169  10:12  Siege Tank  
  175  10:15  Marine  
  175  10:16  Marine x2  
  175  10:17  Siege Tank  
  181  10:24  Marine  
  182  10:29  Marine x2  
  182  10:30  Marine  
  182  10:31  Marine  
  182  10:34  Marine x5  
  182  10:35  Marine x2  
  192  10:37  Orbital Command  
  192  10:42  Marine  
  179  10:44  Siege Tank  
  179  10:46  Marine  
  179  10:47  Marine x2  
  179  10:49  Marine  
  168  10:52  Marine  
  168  10:53  Marine x3  
  168  10:54  Marine  
  168  10:55  Marine, SCV  
  175  10:57  Marine  
  175  10:59  Marine  
  177  11:04  Marine  
  177  11:05  Marine x2  
  177  11:07  Marine  
  181  11:17  Marine x2, Refinery  
  181  11:18  Factory  
  183  11:20  Marine  
  183  11:22  Marine x2  
  183  11:23  Marine  
  187  11:25  Refinery  
  187  11:28  SCV  
  187  11:32  Missile Turret  
  188  11:33  Marine, Missile Turret  
  188  11:36  SCV  
  188  11:37  Planetary Fortress  
  188  11:39  SCV  
  191  11:40  Marine x2  
  191  11:42  SCV  
  194  11:47  Siege Tank  
  194  11:48  SCV, Medivac  
  198  12:01  Marine x3  
  198  12:03  Marine x2  
Tags
 
Add a new tag
Caveats
  • Supply blocks, unpowered buildings, or Contaminate may cause inaccurate times.
  • Supply counts are checked every 10 seconds.